 Dungeon Crawl Stone Soup version 0.30-b1-2-g02819fbbbe (webtiles) character file.

Game seed: 682796474744032447

575683 fluffyota the Slayer (level 25, -5/249 (255) HPs)
             Began as a Minotaur Fighter on Nov 15, 2023.
             Was the Champion of Okawaru.
             Killed from afar by a Killer Klown (46 damage)
             ... with a klown pie
             ... on level 4 of the Realm of Zot on Nov 18, 2023.
             The game lasted 05:49:40 (76547 turns).

fluffyota the Slayer (Minotaur Fighter)            Turns: 76547, Time: 05:49:41

HP:   -5/249 (255)  AC:  0    Str: 25 (27) XL:     25   Next: 77%
MP:   40/40         EV: 28    Int:  5 (8)  God:    Okawaru [******]
Gold: 4559          SH:  0    Dex: 14 (15) Spells: 32/32 levels left

rFire   x . .        z - melded +8 mithril axe "Arga" {speed, Will+}
rCold   . . .        L - melded +0 buckler of Bad Feelings {Rampage rF+ Stlth+}
rNeg    + . .        V - melded +4 gold dragon scales
rPois   .            Q - melded +2 hat {Will+}
rElec   .            v - melded +2 cloak {rCorr}
rCorr   .            x - melded +2 pair of gloves {Dex+3}
SInv    .            X - melded +2 pair of boots "Ekeul" {rC+ Will+ Stlth+}
Will    ++...        m - macabre finger necklace {Finger+ rN+}
Stlth   ++           c - melded ring of Boveats {Fly rElec rN+ SInv}
HPRegen 0.00/turn    O - melded ring "Unogutui" {rC+ AC+4 Str+2}
MPRegen 0.27/turn    N - ring of the Ancients {Will+ MP+9 EV+5}

%: no passive effects
@: pig-form, fire vulnerable, inhibited regen, studying 2 skills, lightly
drained, very quick
A: fast, no casting, small, (horns 2), (retaliatory headbutt), agile 1, mutation
resistance 1, inhibited regeneration
}: 3/15 runes: decaying, silver, gossamer
a: Renounce Religion, Heroism, Finesse, Duel


You were on level 4 of the Realm of Zot.
You worshipped Okawaru.
Okawaru was exalted by your worship.
You were a filthy swine.
You visited 11 branches of the dungeon, and saw 49 of its levels.
You also visited: Sewer, Gauntlet and Ice Cave.

You collected 8594 gold pieces.
You spent 4035 gold pieces at shops.

Inventory:

Hand Weapons
 g - the +9 broad axe of Deformation {protect, rPois rC+ Int+3}
   (Okawaru gifted it to you on level 4 of the Depths)

   Int:       It affects your intelligence (+3).
   rC:        It protects you from cold.
   rPois:     It protects you from poison.
 s - a +9 antimagic broad axe
 z - the +8 mithril axe "Arga" (melded) {speed, Will+}
   (Okawaru gifted it to you on level 1 of the Lair of Beasts)

   Will:      It increases your willpower.
Missiles
 w - 37 poisoned darts (quivered)
 J - 7 silver javelins
 U - 10 javelins
 Y - a throwing net
Armour
 v - a +2 cloak of preservation (melded)
 x - a +2 pair of gloves of dexterity (melded)
 y - the +0 pair of boots of Feasting {+Blink}
   (Okawaru gifted it to you on level 14 of the Dungeon)

   +Blink:    It lets you blink.
 B - a +5 crystal plate armour of cold resistance
 I - a +2 tower shield
 L - the +0 buckler of Bad Feelings (melded) {Rampage rF+ Stlth+}
   (Okawaru gifted it to you in an ice cave)

   rF:        It protects you from fire.
   Rampage:   It bestows one free step when moving towards enemies.
   Stlth:     It makes you more stealthy.
 Q - a +2 hat of willpower (melded)
 V - +4 gold dragon scales (melded)
 X - the +2 pair of boots "Ekeul" (melded) {rC+ Will+ Stlth+}
   (Okawaru gifted it to you on level 3 of the Lair of Beasts)

   rC:        It protects you from cold.
   Will:      It increases your willpower.
   Stlth:     It makes you more stealthy.
Jewellery
 c - the ring of Boveats (melded) {Fly rElec rN+ SInv}
   (You acquired it on level 5 of the Lair of Beasts)

   [ring of flight]

   rElec:     It insulates you from electricity.
   rN:        It protects you from negative energy.
   SInv:      It lets you see invisible.
   Fly:       It grants you flight.
 m - the macabre finger necklace (around neck) {Finger+ rN+}
   (You bought it in a shop on level 15 of the Dungeon)

   [amulet of nothing]

   Finger+:   It enables you to equip an extra ring.
   rN:        It protects you from negative energy.
 u - the ring of Jefumm {rF+ Int+2 Dex+2}
   (You found it on level 2 of the Depths)

   [ring of protection from fire]

   Int:       It affects your intelligence (+2).
   Dex:       It affects your dexterity (+2).
   rF:        It protects you from fire.
 K - an amulet of reflection
 N - the ring of the Ancients (on amulet) {Will+ MP+9 EV+5}
   (You bought it in a shop on level 2 of the Elven Halls)

   [ring of evasion]

   EV:        It affects your evasion (+5).
   MP:        It affects your magic capacity (+9).
   Will:      It increases your willpower.
 O - the ring "Unogutui" (melded) {rC+ AC+4 Str+2}
   (You found it on level 12 of the Dungeon)

   [ring of protection]

   AC:        It affects your AC (+4).
   Str:       It affects your strength (+2).
   rC:        It protects you from cold.
Wands
 a - a wand of roots (14)
 j - a wand of mindburst (24)
 C - a wand of digging (26)
 M - a wand of paralysis (104)
 P - a wand of polymorph (32)
Scrolls
 d - 5 scrolls of enchant weapon
 h - 6 scrolls of silence
 i - 18 scrolls of teleportation
 k - 12 scrolls of fog
 l - 10 scrolls of poison
 t - 8 scrolls of magic mapping
 D - 4 scrolls of immolation
 E - 5 scrolls of fear
 T - 4 scrolls of brand weapon
Potions
 b - 5 potions of invisibility
 e - 12 potions of might
 f - 4 potions of resistance
 n - 10 potions of mutation
 o - 22 potions of curing
 p - 6 potions of haste
 q - 14 potions of lignification
 r - 10 potions of ambrosia
 A - 7 potions of heal wounds
 F - a potion of berserk rage
 R - 2 potions of attraction
 Z - 5 potions of cancellation
Miscellaneous
 G - a lightning rod (4/4)


   Skills:
 + Level 26.9 Fighting
 + Level 24.1 Axes
 + Level 16.4 Throwing
 + Level 25.5 Armour
 + Level 15.5 Dodging
 + Level 2.3 Stealth
 + Level 20.2 Shields
 - Level 4.3 Spellcasting
 + Level 12.6 Invocations
 + Level 7.4 Evocations


You had 32 spell levels left.
You didn't know any spells.
Your spell library contained the following spells:

 Spells                   Type           Power      Damage    Failure   Level
 Beastly Appendage        Tmut           2%         N/A       34%         1
 Kiss of Death            Conj/Necr      4%         2d5       34%         1
 Magic Dart               Conj           4%         1d3       34%         1
 Necrotise                Necr           4%         1d4       34%         1
 Sandblast                Erth           2%         2d4       34%         1
 Shock                    Conj/Air       4%         1d3       34%         1
 Slow                     Hex            4%         N/A       34%         1
 Sting                    Tmut/Pois      4%         1d3       34%         1
 Lesser Beckoning         Tloc           2%         N/A       47%         2
 Passwall                 Tmut/Erth      0%         N/A       47%         2
 Poisonous Vapours        Pois/Air       2%         N/A       47%         2
 Searing Ray              Conj           2%         2d4       47%         2
 Static Discharge         Conj/Air       2%         2-3/arc   47%         2
 Sublimation of Blood     Necr           1%         N/A       47%         2
 Confusing Touch          Hex            1%         N/A       71%         3
 Dazzling Flash           Conj/Hex       2%         N/A       71%         3
 Gell's Gravitas          Tloc           1%         N/A       71%         3
 Hailstorm                Conj/Ice       1%         3d3       71%         3
 Inner Flame              Hex/Fire       1%         N/A       71%         3
 Mephitic Cloud           Conj/Pois/Air  1%         N/A       71%         3
 Portal Projectile        Hex/Tloc       2%         N/A       71%         3
 Stone Arrow              Conj/Erth      2%         3d7       71%         3
 Teleport Other           Tloc           1%         N/A       71%         3
 Vampiric Draining        Necr           1%         2d6       71%         3
 Vhi's Electric Charge    Tloc/Air       2%         N/A       71%         3
 Volatile Blastmotes      Fire/Tloc      2%         2d10      71%         3
 Anguish                  Hex/Necr       0%         N/A       98%         4
 Cause Fear               Hex            0%         N/A       98%         4
 Dispel Undead            Necr           1%         3d6       98%         4
 Flame Wave               Conj/Fire      1%         2d4       98%         4
 Fulminant Prism          Conj/Hex       0%         3d5       98%         4
 Ice Form                 Ice/Tmut       1%         N/A       98%         4
 Iskenderun's Mystic Bla  Conj/Tloc      1%         2d3       98%         4
 Leda's Liquefaction      Hex/Erth       0%         N/A       98%         4
 Passage of Golubria      Tloc           1%         N/A       98%         4
 Petrify                  Tmut/Erth      1%         N/A       98%         4
 Agony                    Necr           1%         N/A       100%        5
 Alistair's Intoxication  Tmut/Pois      0%         N/A       100%        5
 Arcjolt                  Conj/Air       0%         1d10      100%        5
 Blade Hands              Tmut           0%         N/A       100%        5
 Borgnjor's Vile Clutch   Necr/Erth      0%         N/A       100%        5
 Fireball                 Conj/Fire      0%         3d3       100%        5
 Irradiate                Conj/Tmut      0%         3d11      100%        5
 Iskenderun's Battlesphe  Conj           1%         2d6       100%        5
 Lee's Rapid Deconstruct  Erth           0%         3d4*      100%        5
 Silence                  Hex/Air        0%         N/A       100%        5
 Yara's Violent Unravell  Hex/Tmut       0%         3d3       100%        5
 Conjure Ball Lightning   Conj/Air       0%         3x3d6     100%        6
 Dispersal                Tloc           0%         N/A       100%        6
 Eringya's Noxious Bog    Tmut/Pois      0%         N/A       100%        6
 Iron Shot                Conj/Erth      0%         9d1       100%        6
 Plasma Beam              Fire/Air       0%         2x1d11    100%        6
 Starburst                Conj/Fire      0%         6d3       100%        6
 Statue Form              Tmut/Erth      0%         N/A       100%        6
 Dragon Form              Tmut           0%         N/A       100%        7
 Enfeeble                 Hex            0%         N/A       100%        7
 Orb of Destruction       Conj           0%         9d5       100%        7
 Discord                  Hex            0%         N/A       100%        8
 Disjunction              Tloc           0%         N/A       100%        8
 Lehudib's Crystal Spear  Conj/Erth      0%         10d2      100%        8
 Call Imp                 Summ           Unusable   N/A       N/A         2
 Tukima's Dance           Hex            Unusable   N/A       N/A         3
 Animate Armour           Summ/Erth      Unusable   N/A       N/A         4
 Animate Dead             Necr           Unusable   N/A       N/A         4
 Death Channel            Necr           Unusable   N/A       N/A         6
 Simulacrum               Ice/Necr       Unusable   N/A       N/A         6
 Haunt                    Necr/Summ      Unusable   N/A       N/A         7
 Dragon's Call            Summ           Unusable   N/A       N/A         9

Dungeon Overview and Level Annotations

Branches:
Dungeon (15/15)            Temple (1/1) D:7            Lair (5/5) D:8
  Swamp (4/4) Lair:2       Spider (4/4) Lair:3        Slime (0/5) Lair:5
    Orc (2/2) D:10            Elf (3/3) Orc:2        Vaults (5/5) D:13
  Crypt (2/3) Vaults:3     Depths (4/4) D:15            Zot (4/5) Depths:4
  Sewer (visited)           IceCv (visited)         Gauntlet (visited)

Altars:
Ashenzari
Cheibriados
Dithmenos
Elyvilon
Fedhas
Gozag
Hepliaklqana
Kikubaaqudgha
Makhleb
Nemelex Xobeh
Okawaru
Qazlal
Ru
Sif Muna
Trog
Uskayaw
Vehumet
Wu Jian
Xom
Yredelemnul
Zin
The Shining One
Jiyva

Shops:
D:3 ::*=(   D:6 *   D:15 =   Orc:2 (!??*   Elf:2 :=:(   Vaults:5 ![
Depths:4 [

Portals:
Hell: Depths:1 Depths:2 Depths:3 Depths:4
Abyss: Depths:2 Depths:3 Depths:4
Pandemonium: Depths:2
Ziggurat: Depths:4

Annotations:
D:3 Sigmund
Lair:5 1 runed translucent door
Crypt:1 1 runed translucent door, Jetyrhek's ghost, veteran GrEE
Zot:1 2 transporters, LLlMATKO's ghost, master MiBe
Zot:2 4 transporters


Innate Abilities, Weirdness & Mutations

You are a filthy swine.
You move quickly.
Your equipment is almost entirely melded.
You are incapable of wielding weapons or throwing items.
You cannot cast spells.
((You have a pair of horns on your head.))
((You reflexively headbutt those who attack you in melee.))
You are agile. (Dex +4, Str/Int -1)
You are somewhat resistant to further mutation.
You do not regenerate when monsters are visible.


Message History

You miss the Killer Klown.
The Killer Klown is almost dead.
You feel sick.
The Killer Klown defenestrates you with a +12 club of venom!!
You are more poisoned.
You bite the Killer Klown!
The Killer Klown is almost dead.
You feel very sick. The Killer Klown pies you viciously!
The klown pie hits you!!!
Raspberry!
You feel weakened.
You feel dopey.
You feel clumsy.
You closely miss the Killer Klown.
The Killer Klown is almost dead.
You feel very sick.
You completely miss the Killer Klown.
The Killer Klown is almost dead.
You feel very sick.
The Killer Klown karate-kicks you with a +12 club of venom!
* * * LOW HITPOINT WARNING * * *
You are more poisoned.
You feel better. The Killer Klown misses you.
You hit the Killer Klown but do no damage.
The Killer Klown is almost dead.
The Killer Klown headlocks you with a +12 club of venom!!!
* * * LOW HITPOINT WARNING * * *
You are lethally poisoned!
Blink to where?
Press: ? - help, Dir - move target
As you read the scroll of blinking, it crumbles to dust.
* * * LOW HITPOINT WARNING * * *
You feel extremely sick.
You feel much better.
* * * LOW HITPOINT WARNING * * *
You feel extremely sick.
You feel better.
The Killer Klown does a flip.
The Killer Klown pies you viciously! The klown pie hits you!!!
Cherry!
Cherry-coloured flames burn away your fire resistance!
You die...

.############....# ####.
................/# #....
.................## ###.###
##...#######......# #...#
#...# ##...#############.###
##...#####...##...........#.#
#.......)...###...........'.#
#..........## #...........###
......##'######.h.#####...#
.....##....p......#...#...#
....###...........#...#...#
[..## #...........#...#...#
..##
#...#######'#...#...##### .#
#...#.........8.#.......# #
#...#....8......#.......#
#...#..^.^......'.......###
#...###'#..[.[..#####...#..


You could see a Killer Klown.

Vanquished Creatures
  2 dread liches
  An ancient lich (Depths:2)
  Mara (Swamp:3)
  Sojobo (Vaults:5)
  A Killer Klown (Zot:3)
  Vv (Depths:3)
  Saint Roka (Vaults:3)
  4 caustic shrikes (Depths:3)
  A curse toe (Zot:4)
  Xtahua (Depths:4)
  8 golden dragons
  the Enchantress (Depths:2)
  Nikola (Swamp:2)
  Rupert (D:15)
  Jorgrun (D:15)
  Zenata (Vaults:3)
  26 tentacled monstrosities
  A lich (Vaults:3)
  2 deep elf blademasters (Elf:3)
  3 quicksilver dragons
  2 walking divine tomes
  6 ancient champions (Crypt:1)
  5 sphinxes
  2 deep elf master archers (Elf:3)
  6 titans (Vaults:5)
  Gastronok (Lair:1)
  6 death cobs
  Agnes (Spider:1)
  Kirke (Swamp:2)
  The ghost of Darold the Carver, an adept DrBr of Ashenzari (Spider:4)
  14 storm dragons
  Roxanne (Spider:4)
  10 tengu reavers
  16 shadow dragons
  A revenant (Vaults:3)
  14 fire giants
  6 draconian monks
  A draconian knight (Zot:3)
  2 draconian scorchers
  9 deep elf sorcerers
  18 vault wardens
  11 frost giants
  Louise (Depths:2)
  3 iron dragons
  6 draconian shifters
  8 emperor scorpions
  2 draconian stormcallers
  7 ghost moths
  2 ghouls (Crypt:1)
  4 draconian annihilators
  2 spriggan defenders (Depths:2)
  3 orc warlords
  24 very ugly things
  20 ironbound preservers
  4 deep elf elementalists (Elf:3)
  2 war gargoyles (Vaults:5)
  2 reapers
  8 ironbound thunderhulks
  12 stone giants
  8 deep elf demonologists
  12 vampire knights
  3 broodmothers
  Nessos (D:12)
  7 red draconians
  A rockslime zombie (Crypt:1)
  7 black draconians
  6 green draconians
  3 dire elephants (Vaults:4)
  5 bunyips
  Azrael (D:15)
  5 eleionomae
  10 white draconians
  11 yellow draconians
  7 purple draconians
  3 deep elf annihilators (Elf:3)
  14 spark wasps
  A minotaur (Gauntlet)
  2 blizzard demons
  6 deep elf death magi
  7 eidola
  11 fire dragons
  Snorg (D:10)
  9 deep elf high priests
  21 ettins
  Josephine (D:10)
  Fannar (Orc:1)
  14 yaktaur captains
  5 rakshasas
  10 ice dragons
  3 jiangshi (Crypt:1)
  6 entropy weavers
  2 hell beasts (Depths:1)
  15 hydras
  2 ogre magi (Vaults:5)
  An ice dragon (shapeshifter) (Vaults:5)
  43 vault guards
  8 great orbs of eyes
  A catoblepas (Lair:5)
  7 spriggan air magi
  A ghost crab (Swamp:2)
  4 radroaches
  12 centaur warriors
  A spriggan skeleton (Crypt:1)
  19 ironbound frosthearts
  32 dancing weapons
  The ghost of othur the Basher, a journeyman GrFi of Gozag (D:8)
  2 death knights
  6 boulder beetles
  4 deep troll earth magi
  A two-headed ogre (D:13)
  2 satyrs (Depths:2)
  An anaconda (Swamp:2)
  An anaconda (shapeshifter) (Depths:4)
  8 spriggan berserkers
  8 deep troll shamans
  8 tengu warriors
  9 vampire magi
  11 alligators
  A quicksilver ooze zombie (Crypt:1)
  Urug (Orc:1)
  3 orc high priests (Orc:2)
  A death yak (Lair:3)
  5 soul eaters
  Amaemon (Lair:1)
  Nergalle (Lair:2)
  20 deep elf knights
  A titan skeleton (Crypt:1)
  4 hell knights (Depths:4)
  2 fire crabs
  13 skeletal warriors
  A skyshark (Lair:5)
  Lodul (D:13)
  A sixfirhy (Depths:2)
  54 deep trolls
  2 shadow wraiths (Crypt:1)
  8 iron trolls
  4 spriggan druids
  3 bog bodies
  5 pharaoh ants
  A goliath frog (Swamp:1)
  7 swamp dragons
  5 flayed ghosts
  A sun moth (Spider:2)
  16 phantasmal warriors
  4 glowing orange brains
  12 deep elf archers
  22 ironbound convokers
  4 orb spiders
  13 orc knights
  10 harpies
  A harpy (shapeshifter) (Depths:2)
  An orange crystal statue (IceCv)
  9 wizards
  6 spectral wolf spiders (Spider:1)
  9 steelbarb worms
  16 deep elf zephyrmancers
  6 necromancers
  2 anaconda skeletons (Crypt:1)
  A stone giant zombie (Vaults:4)
  10 lindwurms
  5 wolf spider zombies (Spider:1)
  2 will-o-the-wisps (Swamp:4)
  47 ugly things
  An oklob plant (Gauntlet)
  32 deep elf pyromancers
  5 fauns (Depths:2)
  28 wolf spiders
  5 manticores
  A manticore (shapeshifter) (Vaults:5)
  A faun (shapeshifter) (D:15)
  A fire giant zombie (Depths:2)
  5 orc sorcerers (Orc:2)
  A moth of wrath (shapeshifter) (Elf:1)
  A shadow dragon skeleton (Depths:2)
  An iron dragon skeleton (Crypt:1)
  A frost giant skeleton (Vaults:4)
  24 moths of wrath
  11 black mambas
  A rust devil (Depths:2)
  Joseph (Lair:1)
  4 cyclopes
  6 elephants (Lair:5)
  A torpor snail (shapeshifter) (D:15)
  16 vault sentinels
  A guardian serpent (Lair:5)
  A guardian serpent (shapeshifter) (Depths:2)
  14 cane toads
  2 smoke demons (Depths:2)
  A komodo dragon (shapeshifter) (Vaults:5)
  5 torpor snails
  5 demonic crawlers
  2 orange demons
  2 unseen horrors (D:12)
  A yaktaur zombie (Vaults:4)
  4 freezing wraiths
  A kobold demonologist (D:10)
  11 rime drakes
  A rime drake (shapeshifter) (D:8)
  A yaktaur (shapeshifter) (Vaults:3)
  35 yaktaurs
  7 komodo dragons
  An elf skeleton (Vaults:4)
  5 tengu conjurers
  A hellwing (Gauntlet)
  7 trolls
  4 meliai
  18 hornets
  4 wolf spider simulacra (Spider:1)
  11 tyrant leeches
  A shadow dragon simulacrum (Crypt:1)
  A mana viper skeleton (Crypt:1)
  17 polar bears
  A hornet (shapeshifter) (D:8)
  22 tarantellas
  A raiju (shapeshifter) (D:15)
  13 blink frogs
  A dream sheep (shapeshifter) (Vaults:5)
  3 large abominations (Depths:4)
  20 jumping spiders
  6 water elementals
  A fire dragon skeleton (Crypt:2)
  18 culicivoras
  A shadow (D:10)
  5 air elementals
  2 centaur simulacra
  A culicivora (shapeshifter) (Vaults:5)
  36 slime creatures
  7 wraiths
  A ynoxinul (Depths:2)
  14 spriggans
  14 wyverns
  A deep troll skeleton (Vaults:3)
  5 hogs (Swamp:2)
  A wind drake zombie (Crypt:1)
  5 chaos spawn
  8 fire elementals
  40 yaks
  8 basilisks
  A hog (shapeshifter) (D:14)
  2 neqoxecs (D:8)
  2 steam dragons (Swamp:4)
  A golden eye (shapeshifter) (D:8)
  76 redbacks
  3 human zombies
  17 vampire mosquitoes
  8 wargs
  A deep troll zombie (Crypt:1)
  2 acid dragons
  Edmund (D:6)
  16 swamp worms
  23 water moccasins
  An entropy weaver zombie (Crypt:1)
  A floating eye (shapeshifter) (D:13)
  16 hell hounds
  31 orc warriors
  12 black bears
  11 swamp drakes
  13 ogres
  18 wolves
  14 centaurs
  10 boggarts
  A phantom (D:5)
  2 kobold brigands
  8 small abominations (Depths:4)
  13 bullfrogs
  3 gnoll sergeants
  3 scorpions
  A necrophage (Crypt:1)
  An earth elemental (Elf:1)
  3 vampire bats (D:10)
  6 electric eels
  7 howler monkeys
  A yak skeleton (Crypt:1)
  3 hounds
  15 orc priests
  2 gnoll boudas
  2 sleepcaps (D:4)
  3 iguanas
  30 orc wizards
  A killer bee zombie (Crypt:1)
  Robin (D:3)
  15 gnolls
  A river rat (D:4)
  12 adders
  2 shadow imps (D:6)
  3 white imps (D:7)
  A worm (D:4)
  2 dart slugs (D:1)
  86 orcs
  3 bats
  5 bat skeletons (D:10)
  A bat zombie (D:10)
  8 endoplasms
  4 giant cockroaches
  13 goblins
  7 hobgoblins
  6 jackals
  4 quokkas
  5 ball pythons
  3 frilled lizards
  A gnoll skeleton (Crypt:1)
  A jackal zombie (Crypt:2)
  17 kobolds
  2 rats
  A river rat skeleton (Crypt:1)
  A butterfly (D:10)
2193 creatures vanquished.

Vanquished Creatures (others)
  A red draconian (Zot:3)
  An ice dragon (Depths:1)
  A deep elf zephyrmancer (Elf:1)
  A deep elf pyromancer (Elf:1)
  A rime drake (IceCv)
  A bloated husk (Swamp:1)
  A polar bear (IceCv)
  A fire elemental (Elf:1)
  A steam dragon (Swamp:4)
  A swamp drake (Swamp:4)
  An orc (Elf:1)
  8 foxfires (Swamp:4)
  32 fungi
  68 plants
  2 withered plants (Crypt:1)
121 creatures vanquished.

Grand Total: 2314 creatures vanquished

Notes
Turn   | Place    | Note
-------+----------+-------------------------------------------
     0 | D:1      | fluffyota the Minotaur Fighter began the quest for the Orb.
     0 | D:1      | Reached XP level 1. HP: 19/19 MP: 0/0
   179 | D:1      | Reached XP level 2. HP: 27/27 MP: 1/1
   194 | D:1      | You fall into a shaft and drop 1 floor!
   299 | D:2      | Identified the +7 ring mail of the Mantidfly {rC+}
   325 | D:2      | Reached skill level 4 in Fighting
   333 | D:2      | Reached XP level 3. HP: 33/33 MP: 2/2
   909 | D:2      | Reached XP level 4. HP: 37/40 MP: 3/3
  1338 | D:3      | Found Igeliam's Assorted Antiques.
  1396 | D:3      | Noticed Sigmund
  1526 | D:3      | Found a faded altar of an unknown god.
  1585 | D:3      | Found Ovoep's Jewellery Shoppe.
  1610 | D:3      | Found Mios's Weapon Shoppe.
  1667 | D:3      | Found Jujoatiu's Book Shoppe.
  1680 | D:3      | Found Qunlynen's Book Boutique.
  1884 | D:4      | Found a glowing silver altar of Zin.
  1945 | D:4      | Reached XP level 5. HP: 43/47 MP: 4/4
  2042 | D:4      | Found a glowing drain.
  2055 | Sewer    | Entered a sewer
  2110 | Sewer    | Noticed a water moccasin
  2114 | Sewer    | Killed a water moccasin
  2115 | Sewer    | Reached skill level 5 in Fighting
  2115 | Sewer    | Reached skill level 5 in Armour
  2115 | Sewer    | Reached XP level 6. HP: 56/56 MP: 5/5
  2237 | D:4      | Reached skill level 5 in Axes
  2237 | D:4      | Reached skill level 5 in Shields
  2665 | D:5      | Entered Level 5 of the Dungeon
  3016 | D:5      | Reached XP level 7. HP: 57/61 MP: 6/6
  3255 | D:5      | Found a basalt altar of Yredelemnul.
  3569 | D:3      | Noticed Robin
  3595 | D:3      | Killed Robin
  3962 | D:3      | Found a burning altar of Makhleb.
  4157 | D:6      | Found Poviwit's Assorted Antiques.
  4199 | D:6      | Reached skill level 6 in Fighting
  4216 | D:6      | Found a hide-covered altar of Uskayaw.
  4636 | D:6      | Reached XP level 8. HP: 50/70 MP: 7/7
  4852 | D:6      | Noticed Edmund
  4859 | D:6      | Killed Edmund
  5041 | D:6      | Found the +1 Delatra's gloves {ID++}
  5361 | D:7      | Found a staircase to the Ecumenical Temple.
  5373 | Temple   | Entered the Ecumenical Temple
  5392 | D:7      | Got the Secrets of Transmutation
  5489 | D:7      | Reached skill level 7 in Fighting
  5847 | D:8      | Found a runed translucent gate.
  5848 | D:8      | Found a runed translucent gate.
  5848 | D:8      | Found a runed translucent gate.
  5849 | D:8      | Noticed a green ugly thing
  5854 | D:8      | Noticed a glowing orange brain
  5854 | D:8      | Noticed a cyan ugly thing
  5854 | D:8      | Noticed a white ugly thing
  5855 | D:8      | Noticed a cyan ugly thing
  5861 | D:8      | Found an iron altar of Okawaru.
  5894 | D:8      | Became a worshipper of Warmaster Okawaru
  6117 | D:8      | Reached XP level 9. HP: 77/79 MP: 8/8
  6207 | D:8      | Found a staircase to the Lair.
  6249 | D:8      | Found a snail-covered altar of Cheibriados.
  6249 | D:8      | Found a glowing golden altar of the Shining One.
  6605 | D:9      | Reached * piety under Okawaru
  6908 | D:9      | Reached skill level 8 in Fighting
  6908 | D:9      | Reached skill level 10 in Axes
  7557 | D:10     | Entered Level 10 of the Dungeon
  7633 | D:10     | Found a shimmering altar of Xom.
  7681 | D:10     | Reached ** piety under Okawaru
  7734 | D:10     | Reached XP level 10. HP: 90/90 MP: 9/9
  7832 | D:10     | Noticed Snorg
  7844 | D:10     | Killed Snorg
  7844 | D:10     | Reached *** piety under Okawaru
  7845 | D:10     | Reached skill level 9 in Fighting
  7882 | D:10     | Noticed a sun demon
  7951 | D:10     | Reached **** piety under Okawaru
  8058 | D:10     | Found a shimmering blue altar of Sif Muna.
  8132 | D:10     | Found a staircase to the Orcish Mines.
  8444 | D:10     | Found an ancient bone altar of Kikubaaqudgha.
  8496 | D:11     | Noticed Josephine
  8503 | D:10     | Killed Josephine
  8503 | D:10     | Reached ***** piety under Okawaru
  8504 | D:10     | Reached skill level 10 in Fighting
  8504 | D:10     | Reached skill level 10 in Armour
  8504 | D:10     | Reached skill level 10 in Shields
  8504 | D:10     | Reached XP level 11. HP: 99/99 MP: 10/10
  8578 | Lair:1   | Entered Level 1 of the Lair of Beasts
  8908 | Lair:1   | Found the +8 whip "Snakebite" {venom, curare, rPois}
  9064 | Lair:1   | Noticed Gastronok
  9087 | Lair:1   | Killed Gastronok
  9364 | Lair:1   | Reached ****** piety under Okawaru
  9420 | Lair:1   | Noticed Joseph
  9432 | Lair:1   | Killed Joseph
 10318 | Lair:2   | Reached skill level 11 in Fighting
 10560 | Lair:2   | Noticed Nergalle
 10571 | Lair:1   | Received a gift from Okawaru
 10572 | Lair:1   | Found the +8 mithril axe "Arga" {speed, Will+}
 10588 | Lair:2   | Noticed a spectral orc warlord
 10591 | Lair:2   | Killed Nergalle
 10734 | Lair:2   | Found a staircase to the Swamp.
 10737 | Lair:2   | Noticed Amaemon
 10773 | Lair:1   | Killed Amaemon
 10774 | Lair:1   | Reached XP level 12. HP: 81/111 MP: 11/11
 10880 | Lair:2   | Received a gift from Okawaru
 11271 | Lair:3   | Noticed a boulder beetle
 11293 | Lair:3   | Killed a boulder beetle
 11313 | Lair:3   | Reached skill level 1 in Invocations
 11328 | Lair:3   | Identified the +5 war axe of the Valley {flame, *Slow rElec
                  | Int+2 Dex+4}
 11376 | Lair:3   | Reached skill level 12 in Fighting
 11620 | Lair:3   | Noticed a death yak
 11636 | Lair:3   | Killed a death yak
 11637 | Lair:3   | Reached skill level 15 in Axes
 11830 | Lair:3   | Found a hole to the Spider Nest.
 11866 | Lair:3   | Identified the +2 pair of boots "Ekeul" {rC+ Will+ Stlth+}
                  | (Okawaru gifted it to you on level 3 of the Lair of Beasts)
 11866 | Lair:3   | Received a gift from Okawaru
 13320 | Lair:5   | Entered Level 5 of the Lair of Beasts
 13323 | Lair:5   | Noticed a boulder beetle
 13334 | Lair:5   | Killed a boulder beetle
 13402 | Lair:5   | Identified a scroll of acquirement
 13402 | Lair:5   | Acquired the ring of Boveats {Fly rElec rN+ SInv}
 13434 | Lair:5   | Found a runed translucent door.
 13435 | Lair:5   | Found a viscous altar of Jiyva.
 13435 | Lair:5   | Noticed an azure jelly
 13448 | Lair:5   | Noticed a catoblepas
 13463 | Lair:5   | Killed a catoblepas
 13583 | Lair:5   | Reached XP level 13. HP: 118/118 MP: 13/13
 14048 | Lair:5   | Received a gift from Okawaru
 14049 | Lair:5   | Reached skill level 1 in Throwing
 14635 | Lair:5   | Received a gift from Okawaru
 14647 | Lair:5   | Reached skill level 13 in Fighting
 14770 | Lair:5   | Identified the +1 robe of Acry {Str+3 Int+6}
 15476 | Lair:5   | Noticed an azure jelly
 15486 | Lair:5   | Found a staircase to the Slime Pits.
 15490 | Lair:5   | Noticed an azure jelly
 16182 | Lair:5   | Reached XP level 14. HP: 117/130 MP: 16/16
 16528 | D:11     | Found a hide-covered altar of Uskayaw.
 16784 | D:11     | Received a gift from Okawaru
 16857 | D:11     | Reached skill level 14 in Fighting
 17417 | Orc:1    | Entered Level 1 of the Orcish Mines
 17554 | Orc:2    | Entered Level 2 of the Orcish Mines
 17630 | Orc:1    | Reached skill level 5 in Invocations
 17688 | Orc:1    | Found a shimmering blue altar of Sif Muna.
 18033 | Orc:1    | Noticed Fannar
 18042 | Orc:1    | Noticed Urug
 18061 | Orc:1    | Killed Urug
 18062 | Orc:1    | Killed Fannar
 18867 | Orc:2    | Found Weankid's Weapon Shoppe.
 18970 | Orc:2    | Found a staircase to the Elven Halls.
 19573 | Orc:2    | Reached skill level 5 in Throwing
 19709 | Orc:2    | Found Wofuwez's Magic Scroll Boutique.
 19713 | Orc:2    | Found Darastres's General Store.
 19717 | Orc:2    | Found Ecwab's Magic Scroll Shoppe.
 19723 | Orc:2    | Found Fiytoad's Distillery.
 20154 | D:12     | Noticed Nessos
 20166 | D:12     | Killed Nessos
 20166 | D:12     | Received a gift from Okawaru
 20434 | D:12     | Reached skill level 15 in Fighting
 20687 | D:12     | Identified the ring "Unogutui" {rC+ AC+4 Str+2}
 21248 | D:13     | Found a gate to the Vaults.
 21333 | D:13     | Noticed Lodul
 21350 | D:13     | Killed Lodul
 21425 | D:13     | Found a gate leading to a gauntlet.
 21434 | Gauntlet | Entered a Gauntlet
 21434 | Gauntlet | Found a transporter.
 21434 | Gauntlet | Found a transporter.
 21434 | Gauntlet | Found a transporter.
 21439 | Gauntlet | Found a transporter.
 21449 | Gauntlet | Noticed a reaper
 21450 | Gauntlet | Found a transporter.
 21450 | Gauntlet | Found a transporter.
 21452 | Gauntlet | Found a transporter.
 21452 | Gauntlet | Found a transporter.
 21455 | Gauntlet | Found a transporter.
 21455 | Gauntlet | Found a transporter.
 21465 | Gauntlet | Found a transporter.
 21590 | Gauntlet | Found a transporter.
 21732 | Gauntlet | Killed a reaper
 21899 | Gauntlet | Reached XP level 15. HP: 125/143 MP: 19/19
 21965 | Gauntlet | Identified the +3 scale mail "Tinloebi" {rC- Int+3 Dex+6}
 22005 | D:13     | Reached skill level 16 in Fighting
 22532 | D:13     | Received a gift from Okawaru
 22650 | D:13     | Paralysed by a floating eye for 4 turns
 23128 | D:14     | Reached skill level 1 in Evocations
 23210 | D:14     | Found a frozen archway.
 23230 | IceCv    | Entered an ice cave
 23275 | IceCv    | Identified the +0 buckler of Bad Feelings {Rampage rF+
                  | Stlth+} (Okawaru gifted it to you in an ice cave)
 23275 | IceCv    | Received a gift from Okawaru
 23567 | IceCv    | Noticed a frost giant
 23567 | IceCv    | Noticed a frost giant
 23567 | IceCv    | Noticed a frost giant
 23604 | IceCv    | Killed a frost giant
 23612 | IceCv    | Killed a frost giant
 23683 | IceCv    | Reached skill level 17 in Fighting
 23688 | IceCv    | Killed a frost giant
 23808 | IceCv    | Identified the +3 helmet of Light {rC+ Int+2}
 23954 | IceCv    | Reached skill level 15 in Armour
 24682 | D:14     | Received a gift from Okawaru
 24925 | D:14     | Received a gift from Okawaru
 24926 | D:14     | Reached skill level 15 in Shields
 24932 | D:14     | Reached XP level 16. HP: 112/155 MP: 21/21
 25235 | D:14     | Identified the +0 pair of boots of Feasting {+Blink}
                  | (Okawaru gifted it to you on level 14 of the Dungeon)
 25235 | D:14     | Received a gift from Okawaru
 25369 | D:14     | Noticed a sphinx
 25388 | D:14     | Killed a sphinx
 25640 | D:15     | Entered Level 15 of the Dungeon
 25928 | D:8      | Reached skill level 18 in Fighting
 25947 | D:8      | Found a runed translucent gate.
 25947 | D:8      | Found a runed translucent gate.
 25952 | D:8      | Found a runed translucent gate.
 25959 | D:8      | Noticed othur's ghost (journeyman GrFi)
 25974 | D:8      | Killed othur's ghost
 26652 | D:3      | Bought a ring of see invisible for 195 gold pieces
 26652 | D:3      | Bought an amulet of regeneration for 390 gold pieces
 26734 | D:3      | Bought a scroll of enchant weapon for 210 gold pieces
 26734 | D:3      | Bought a potion of might for 112 gold pieces
 27228 | Orc:2    | Bought a scroll of silence for 123 gold pieces
 27228 | Orc:2    | Bought a scroll of enchant weapon for 97 gold pieces
 27228 | Orc:2    | Bought 2 scrolls of teleportation for 78 gold pieces
 27228 | Orc:2    | Bought a scroll of enchant armour for 97 gold pieces
 27236 | Orc:2    | Bought a scroll of fog for 68 gold pieces
 27236 | Orc:2    | Bought a scroll of fog for 68 gold pieces
 27239 | Orc:2    | Bought a scroll of poison for 40 gold pieces
 27239 | Orc:2    | Bought a scroll of teleportation for 30 gold pieces
 27239 | Orc:2    | Bought a scroll of teleportation for 30 gold pieces
 27239 | Orc:2    | Bought a scroll of enchant weapon for 75 gold pieces
 27251 | Orc:2    | Bought a potion of mutation for 80 gold pieces
 27251 | Orc:2    | Bought a potion of curing for 30 gold pieces
 27251 | Orc:2    | Bought 2 potions of haste for 200 gold pieces
 27251 | Orc:2    | Bought a potion of lignification for 30 gold pieces
 27251 | Orc:2    | Bought a potion of mutation for 80 gold pieces
 27251 | Orc:2    | Bought a potion of ambrosia for 80 gold pieces
 27251 | Orc:2    | Bought a potion of curing for 30 gold pieces
 28168 | D:8      | Acquired a manual of Invocations
 28249 | Spider:1 | Entered Level 1 of the Spider Nest
 29302 | Spider:1 | Noticed Agnes
 29316 | Spider:1 | Killed Agnes
 29688 | Spider:1 | Reached skill level 5 in Evocations
 30706 | Spider:2 | Received a gift from Okawaru
 31382 | Spider:3 | Reached skill level 19 in Fighting
 32409 | Spider:3 | Reached XP level 17. HP: 168/168 MP: 23/23
 32839 | Spider:3 | Reached skill level 10 in Invocations
 32871 | Spider:3 | Identified the +1 executioner's axe "Demonslayer" {freeze,
                  | SInv} (Okawaru gifted it to you on level 3 of the Spider
                  | Nest)
 32871 | Spider:3 | Received a gift from Okawaru
 33611 | Spider:4 | Entered Level 4 of the Spider Nest
 34337 | Spider:4 | Identified Roxanne's Spellbook of the Figure
 34337 | Spider:4 | Noticed Roxanne
 34355 | Spider:4 | Killed Roxanne
 34516 | Spider:4 | Received a gift from Okawaru
 34964 | Spider:4 | Identified the +5 broad axe "Pofetaes" {heavy, rCorr Str-5
                  | Int+2 Stlth+} (Okawaru gifted it to you on level 4 of the
                  | Spider Nest)
 34964 | Spider:4 | Received a gift from Okawaru
 35301 | Spider:4 | Found a runed translucent door.
 35301 | Spider:4 | Found a shimmering altar of Xom.
 35302 | Spider:4 | Noticed Darold's ghost (adept DrBr)
 35302 | Spider:4 | Identified the +6 great sword of the Lumpy Ghosts {chaos,
                  | Dex+2}
 35402 | Spider:4 | Reached skill level 20 in Fighting
 35547 | Spider:4 | Found the sphere of Battle
 35699 | Spider:4 | Got a gossamer rune of Zot
 36033 | Swamp:1  | Entered Level 1 of the Swamp
 36385 | Swamp:1  | Reached skill level 1 in Dodging
 36385 | Swamp:1  | Received a gift from Okawaru
 37095 | Swamp:2  | Noticed Kirke
 37124 | Swamp:2  | Killed Kirke
 37483 | Swamp:2  | Reached XP level 18. HP: 168/180 MP: 24/24
 37575 | Swamp:2  | Noticed Nikola
 37590 | Swamp:2  | Killed Nikola
 38419 | Swamp:3  | Found the +9 staff of Olgreb {rPois∞}
 38489 | Swamp:3  | Noticed Mara
 38525 | Swamp:3  | Noticed fluffyota's illusion
 38805 | Swamp:3  | Noticed fluffyota's illusion
 38809 | Swamp:3  | Killed Mara
 39034 | Swamp:3  | Acquired 712 gold pieces
 39253 | Swamp:4  | Entered Level 4 of the Swamp
 39274 | Swamp:4  | Noticed a tentacled monstrosity
 39286 | Swamp:4  | Killed a tentacled monstrosity
 39389 | Swamp:4  | Received a gift from Okawaru
 40174 | Swamp:4  | Identified the +2 hat of the Comet {Fly rN+ Dex-2} (Okawaru
                  | gifted it to you on level 4 of the Swamp)
 40174 | Swamp:4  | Received a gift from Okawaru
 40397 | Swamp:4  | Reached skill level 10 in Throwing
 40607 | Swamp:4  | Reached skill level 21 in Fighting
 40946 | Swamp:4  | Got a decaying rune of Zot
 41596 | D:15     | Noticed Azrael
 42031 | D:15     | Found a staircase to the Depths.
 42139 | D:15     | Noticed Rupert
 42152 | D:15     | Killed Rupert
 42300 | D:15     | Killed Azrael
 42370 | D:15     | Noticed Jorgrun
 42382 | D:15     | Killed Jorgrun
 42640 | D:15     | Reached skill level 5 in Dodging
 42684 | D:15     | Found Gurocu's Jewellery Shoppe.
 42925 | Vaults:1 | Entered Level 1 of the Vaults
 43344 | Vaults:1 | Identified the +5 chain mail "Wesuo" {Rampage Will- Dex+6}
                  | (Okawaru gifted it to you on level 1 of the Vaults)
 43344 | Vaults:1 | Received a gift from Okawaru
 43962 | Vaults:1 | Reached XP level 19. HP: 191/191 MP: 27/27
 44319 | Vaults:2 | Reached skill level 22 in Fighting
 44755 | Vaults:2 | Identified the scarf "Xagorr" {+Inv, Will+} (Okawaru gifted
                  | it to you on level 2 of the Vaults)
 44755 | Vaults:2 | Received a gift from Okawaru
 45453 | Vaults:3 | Identified the orb of Theory {guile, rElec rN+ Regen+}
 46051 | Vaults:3 | Noticed Zenata
 46084 | Vaults:3 | Killed Zenata
 46470 | Vaults:3 | Identified the +6 quarterstaff "Ravvuled" {heavy, rElec rC+
                  | Dex+3} (Okawaru gifted it to you on level 3 of the Vaults)
 46470 | Vaults:3 | Received a gift from Okawaru
 46568 | Vaults:3 | Reached skill level 23 in Fighting
 46594 | Vaults:3 | Reached XP level 20. HP: 203/203 MP: 28/28
 46760 | Vaults:3 | Found a staircase to the Crypt.
 47075 | Vaults:4 | Identified the +2 pair of boots of Agnosticism {MP-9 Str+4}
                  | (Okawaru gifted it to you on level 4 of the Vaults)
 47075 | Vaults:4 | Received a gift from Okawaru
 48144 | Vaults:4 | Identified the +0 ring mail of the Lily {*Slow rElec Str+2}
 48374 | Vaults:4 | Identified the +1 trident of Truncation {flame, Will+}
 48757 | Vaults:3 | Noticed Saint Roka
 48780 | Vaults:3 | Killed Saint Roka
 48780 | Vaults:3 | Received a gift from Okawaru
 49123 | Elf:1    | Entered Level 1 of the Elven Halls
 49206 | Elf:1    | Paralysed by an air elemental for 1 turns
 49242 | Elf:1    | Reached skill level 24 in Fighting
 49258 | Elf:1    | Paralysed by a floating eye for 3 turns
 49522 | Elf:1    | Found a runed translucent gate.
 49522 | Elf:1    | Found a runed translucent gate.
 49522 | Elf:1    | Found a runed translucent gate.
 49522 | Elf:1    | Found a runed translucent gate.
 49522 | Elf:1    | Found a runed translucent gate.
 49528 | Elf:1    | Found a runed translucent gate.
 49935 | Elf:1    | Found a shimmering blue altar of Sif Muna.
 50201 | Elf:1    | Received a gift from Okawaru
 50533 | Elf:2    | Paralysed by an air elemental for 1 turns
 50536 | Elf:2    | Paralysed by an air elemental for 1 turns
 50762 | Elf:2    | Found a huge runed translucent gate.
 50762 | Elf:2    | Found a huge runed translucent gate.
 50762 | Elf:2    | Found a huge runed translucent gate.
 50765 | Elf:2    | Found a huge runed translucent gate.
 50771 | Elf:2    | Found a huge runed translucent gate.
 50807 | Elf:2    | Reached skill level 10 in Dodging
 50807 | Elf:2    | Reached XP level 21. HP: 215/215 MP: 29/29
 50973 | Elf:2    | Found Fifojuff's Weapon Boutique.
 51054 | Elf:2    | Identified the +3 rapier of the Candelabrum {freeze, *Slow
                  | rPois rCorr MP+9}
 51273 | Elf:2    | Found Heedarix's Book Boutique.
 51273 | Elf:2    | Found Toas's Jewellery Emporium.
 51274 | Elf:2    | Found Taolean's Book Boutique.
 51374 | Elf:2    | Received a gift from Okawaru
 51892 | Elf:3    | Entered Level 3 of the Elven Halls
 51907 | Elf:3    | Found a shimmering blue altar of Sif Muna.
 52509 | Elf:3    | Identified the +0 helmet "Jaul" {Rampage}
 52759 | Elf:3    | Received a gift from Okawaru
 53277 | Elf:3    | Identified the +0 hat of the Known World {rF++ rC- Dex-2
                  | Stlth+} (Okawaru gifted it to you on level 3 of the Elven
                  | Halls)
 53277 | Elf:3    | Received a gift from Okawaru
 53323 | Elf:3    | Identified the ring "Ekhigoix" {Ice rN+++ Int+2 Dex+2
                  | Slay-6}
 53434 | Elf:3    | Identified the +6 hand axe of Red Wine {heavy, Int+5 Dex+2
                  | SInv}
 53527 | Elf:3    | Identified the amulet "Exuorur" {Regen+ Str+4}
 53544 | Elf:3    | Identified the ring of Obsession {Fly rPois}
 53551 | Elf:3    | Identified the staff of air "Upti" {rElec rN+}
 53555 | Elf:3    | Got Sif Muna's Tome of the Polluted Missiles
 53559 | Elf:3    | Identified the ring "Baugg" {rCorr Dex+3}
 53575 | Elf:3    | Identified the +0 cloak of Valour {rN++ Str+3 Int-2}
 54242 | D:15     | Bought the macabre finger necklace {Finger+ rN+} for 440
                  | gold pieces
 54242 | D:15     | Found the macabre finger necklace {Finger+ rN+}
 54513 | Elf:2    | Bought the ring of the Ancients {Will+ MP+9 EV+5} for 1080
                  | gold pieces
 54948 | Spider:4 | Killed Darold's ghost
 55391 | Crypt:1  | Entered Level 1 of the Crypt
 55786 | Crypt:1  | Found a runed translucent door.
 55793 | Crypt:1  | Noticed Jetyrhek's ghost (veteran GrEE)
 55825 | Crypt:1  | Noticed a dread lich
 56192 | Crypt:1  | Killed a dread lich
 56421 | Crypt:1  | Reached skill level 25 in Fighting
 56686 | Crypt:1  | Received a gift from Okawaru
 56764 | Crypt:1  | Paralysed by a vampire knight for 4 turns
 56772 | Crypt:1  | Reached XP level 22. HP: 203/226 MP: 30/30
 56784 | Crypt:1  | Received a gift from Okawaru
 57769 | Depths:1 | Entered Level 1 of the Depths
 57771 | Depths:1 | Found a hazy altar of Hepliaklqana.
 58375 | Depths:1 | Got the Folio of Destruction
 58438 | Depths:1 | Found a gateway to Hell.
 58591 | Depths:1 | Received a gift from Okawaru
 59859 | Depths:2 | Noticed Louise
 59887 | Depths:2 | Killed Louise
 60639 | Depths:2 | Found a one-way gate to the infinite horrors of the Abyss.
 61475 | Depths:2 | Identified the +0 giant club of the Purse {flame, Str+2
                  | Int+4}
 61475 | Depths:2 | Identified the +4 giant club of Checkmate {flame, Will+}
 61552 | Depths:2 | Received a gift from Okawaru
 61607 | Depths:2 | Noticed the Enchantress
 61695 | Depths:2 | Killed the Enchantress
 61720 | Depths:2 | Identified the +0 fire dragon scales of the Nexus {Harm
                  | rF++ rC-}
 61724 | Depths:2 | Identified the ring of Jefumm {rF+ Int+2 Dex+2}
 61858 | Depths:2 | Reached XP level 23. HP: 222/232 MP: 31/31
 61945 | Depths:2 | Noticed an ancient lich
 61957 | Depths:2 | Killed an ancient lich
 62142 | Depths:2 | Got Gaumy's Omnibus of Shadows
 62270 | Depths:2 | Found a one-way gate leading to the halls of Pandemonium.
 62530 | Depths:3 | Noticed Vv
 62571 | Depths:3 | Killed Vv
 63979 | Depths:4 | Entered Level 4 of the Depths
 63979 | Depths:4 | Noticed a caustic shrike
 63980 | Depths:4 | Noticed a caustic shrike
 63980 | Depths:4 | Noticed a caustic shrike
 63981 | Depths:4 | Noticed a caustic shrike
 63991 | Depths:3 | Killed a caustic shrike
 64167 | Depths:4 | Received a gift from Okawaru
 64168 | Depths:4 | Reached skill level 15 in Throwing
 64201 | Depths:4 | Found Pegoj's Antique Armour Emporium.
 64238 | Depths:3 | Killed a caustic shrike
 64241 | Depths:3 | Killed a caustic shrike
 64242 | Depths:3 | Reached skill level 26 in Fighting
 64381 | Depths:3 | Killed a caustic shrike
 64663 | Depths:4 | Found a one-way gateway to a ziggurat.
 64901 | Depths:4 | Noticed Xtahua
 64913 | Depths:4 | Killed Xtahua
 65299 | Depths:4 | Found a gate to the Realm of Zot.
 65621 | Depths:4 | Received a gift from Okawaru
 66086 | Depths:4 | Identified the +9 broad axe of Deformation {protect, rPois
                  | rC+ Int+3} (Okawaru gifted it to you on level 4 of the
                  | Depths)
 66086 | Depths:4 | Received a gift from Okawaru
 67261 | Vaults:5 | Entered Level 5 of the Vaults
 67368 | Vaults:5 | Reached XP level 24. HP: 172/245 MP: 31/31
 67738 | Vaults:5 | Got the Meditations on Detritus and the Map
 67751 | Vaults:5 | Noticed Sojobo
 67764 | Vaults:5 | Killed Sojobo
 67764 | Vaults:5 | Received a gift from Okawaru
 68248 | Vaults:5 | Identified the staff of conjuration "Qeboghunuy" {rF+
                  | Stlth+}
 68288 | Vaults:5 | Noticed a dread lich
 68300 | Vaults:5 | Killed a dread lich
 68480 | Vaults:5 | Received a gift from Okawaru
 69345 | Vaults:5 | Reached skill level 15 in Dodging
 69557 | Vaults:5 | Identified the staff of earth "Gicigadgh" {rF++ rC- rN+}
 69597 | Vaults:5 | Received a gift from Okawaru
 69711 | Vaults:5 | Got a silver rune of Zot
 69827 | Vaults:5 | Found Jein's Distillery.
 69827 | Vaults:5 | Found Uwam's Antique Armour Shoppe.
 69836 | Vaults:5 | Bought a potion of ambrosia for 96 gold pieces
 69836 | Vaults:5 | Bought 2 potions of curing for 72 gold pieces
 69836 | Vaults:5 | Bought a potion of curing for 36 gold pieces
 69836 | Vaults:5 | Bought a potion of might for 48 gold pieces
 69836 | Vaults:5 | Bought a potion of resistance for 120 gold pieces
 69903 | Vaults:5 | Got Sif Muna's Volume of the Conjured Tempest
 69972 | Vaults:5 | Received a gift from Okawaru
 70016 | Vaults:5 | Identified the staff of fire "Ryimyed" {+Blink rF+ Dex+5}
 70585 | Zot:1    | Entered Level 1 of the Realm of Zot
 70762 | Zot:1    | Received a gift from Okawaru
 71254 | Zot:1    | Reached skill level 1 in Spellcasting
 71680 | Zot:1    | Found a transporter.
 71680 | Zot:1    | Noticed LLlMATKO's ghost (master MiBe)
 71682 | Zot:1    | Found a transporter.
 71805 | Zot:1    | Reached XP level 25. HP: 176/254 MP: 31/31
 71954 | Zot:2    | Received a gift from Okawaru
 72925 | Zot:2    | Found a transporter.
 73002 | Zot:2    | Received a gift from Okawaru
 73142 | Zot:2    | Found a transporter.
 73168 | Zot:2    | Found a transporter.
 73170 | Zot:2    | Found a transporter.
 74007 | Zot:3    | Noticed a Killer Klown
 74616 | Zot:3    | Identified the +0 chain mail of Imperfection {rElec Regen+
                  | Str+3}
 74717 | Zot:3    | Killed a Killer Klown
 74738 | Zot:3    | Received a gift from Okawaru
 74897 | Zot:3    | Reached skill level 1 in Stealth
 74963 | Zot:3    | Identified the +0 pair of boots of fluffyota's Duty {rPois
                  | rF+ rC-} (Okawaru gifted it to you on level 3 of the Realm
                  | of Zot)
 74963 | Zot:3    | Received a gift from Okawaru
 75167 | Zot:3    | Got the Omnibus of the Damned
 75739 | Zot:4    | Noticed an orb of fire
 75739 | Zot:4    | Gained mutation: You are agile. (Dex +4, Str/Int -1) [an
                  | orb of fire]
 76128 | Zot:4    | Gained mutation: You are somewhat resistant to further
                  | mutation. [an orb of fire]
 76133 | Zot:4    | Gained mutation: You do not regenerate when monsters are
                  | visible. [an orb of fire]
 76522 | Zot:4    | Noticed a Killer Klown
 76547 | Zot:4    | Killed from afar by a Killer Klown

Illustrated notes

Levels and vault maps discovered:
D:1:      lightli_arrival_lavapool, layout_basic, minmay_heptomino_d4
D:2:      layout_basic
D:3:      layout_loops_ring, lightli_temple_of_fire,
          dreamdust_ecumenical_altar_angels_and_demons, serial_shops, shop,
          shop, shop, shop, nicolae_shop_real_fake_doors,
          minmay_misc_feat_hallway, uniq_sigmund, uniq_robin
D:4:      layout_loops_ring, mainiacjoe_overflow_concentric_impassable,
          portal_sewer_entry_b
D:5:      layout_rooms, mainiacjoe_overflow_cross_hatched
D:6:      layout_loops_ring, mainiacjoe_overflow_paths, serial_shops,
          nicolae_square_shop, corner_web_ring, pf_guarded_unrand_delatra,
          uniq_edmund
D:7:      layout_basic, minmay_temple_entry_mini_moons
D:8:      layout_cave_pools, okawaru_ov_weapons_minmay,
          chequers_temple_overflow_statue_of_worship, erik_lair_orcish_takeover,
          ploomutoo_gammafunk_ghost_potion_laboratory, minmay_crystal_room
D:9:      layout_long_grid, st_stairs_4
D:10:     layout_small_grid, mainiacjoe_overflow_catwalk,
          kennysheep_vampire_church, xom_butterflies, uniq_snorg
D:11:     layout_basic, nicolae_uskayaw_suspiria, uniq_josephine
D:12:     layout_long_grid, uniq_nessos
D:13:     layout_basic, erik_vaults_2, gauntlet_entry_generic, nrook_campfire,
          drop_trap, minmay_checkerbox, uniq_lodul
D:14:     lemuel_traditional_vault, layout_basic, minmay_misc_feat_columns,
          portal_ice_cave_entry_pillars_1, minivault_12
D:15:     gammafunk_enter_depths_forms, layout_stronghold, serial_shops,
          nicolae_shop_waterfront, uniq_jorgrun, uniq_azrael, uniq_rupert
Temple:   nicolae_temple_no_exploring_needed
Lair:1:   minmay_guarded_unrand_snakebite, layout_cave_pods, uniq_gastronok,
          uniq_joseph
Lair:2:   layout_cave_shapes, minmay_swamp_entry_worms, minivault_24,
          infiniplex_staircase_pool, uniq_amaemon, uniq_nergalle
Lair:3:   layout_gridlike, spider_nest_entry_webs, grunt_megastairs_4,
          serial_bayou_shore_b, serial_bayou_shore_a, lemuel_fruit_tree
Lair:4:   layout_loops_ring
Lair:5:   hangedman_lair_tendril_chambers, layout_small_grid,
          hangedman_lair_caniforms_friends, slime_entry_2
Swamp:1:  layout_basic_swamp, evilmike_swamp_ruin_house_6, swamp_pool3
Swamp:2:  layout_basic_swamp, serial_swamp_ruin, evilmike_swamp_ruin_rubble_1,
          evilmike_swamp_ruin_house_3, evilmike_swamp_ruin_house_5, swamp_pool1,
          nicolae_swamp_snake_nest, uniq_nikola, uniq_kirke
Swamp:3:  layout_falls_marsh, evilmike_swamp_ruin_rubble_2, uniq_mara
Swamp:4:  swamp_fiery, layout_basic_swamp, swamp_pool4
Spider:1: layout_chambers, nicolae_spider_undead_wolf_pack, uniq_agnes
Spider:2: layout_chambers, spiders_nest_spider_trap
Spider:3: layout_spider_delve
Spider:4: guppyfry_spider_rune, ebering_ghost_xom, uniq_roxanne
Orc:1:    layout_diamond_mine, kennysheep_orc_sif_temple, uniq_urug, uniq_fannar
Orc:2:    st_orc_elflike, layout_diamond_mine, serial_shops,
          nicolae_shop_bloodbath_and_beyond
Elf:1:    nicolae_elf_arrival_fired_up, layout_geoelf_diagonals, basic_altar,
          orc_legates
Elf:2:    elven_hall_of_blades_hangedman_alternative
          [nicolae_blade_little_rooms], layout_onion_city, serial_shops, shop,
          minmay_shop_grove
Elf:3:    elf_hall, layout_geoelf_castle, basic_altar
Vaults:1: hangedman_vaults_trim, v_misc_2, nicolae_vaults_six-pack,
          minmay_guarded_unrand_guard_vaults, nicolae_vaults_network_periphery,
          v_misc_16, nicolae_vaults_diamond_2, nicolae_vaults_yaktaur_gun_rack,
          v_misc_3, nicolae_vaults_oval_intersection, layout_vaults_ring
Vaults:2: vaults_room_glass_cross, nicolae_vaults_diamond_2,
          nicolae_vaults_specimen_jars, nicolae_vaults_shrinking_rooms_1,
          nicolae_vaults_trapezoid_lopsided_3, ontoclasm_vaults_ring_square,
          dpeg_vaults_monster_box, vaults_dpeg_spiral, vaults_dpeg_hooks,
          layout_vaults_omnibox
Vaults:3: nicolae_vaults_crenellated_ambush, v_misc_22,
          hangedman_vaults_restitches, minmay_crypt_entry_simple_plaza,
          nicolae_vaults_trapezoid_4, ontoclasm_vaults_ring_small,
          vaults_room_corners, nicolae_vaults_storage_closets_1,
          vaults_mumra_chevron_long, nicolae_vaults_tangram_2,
          nicolae_vaults_tetromino_Z_1, nicolae_vaults_trapezoid_1,
          vaults_room_octagon, nicolae_vaults_variable_pillar_hall,
          hangedman_vaults_locks, nicolae_vaults_three_branches,
          layout_vaults_maze_bifur, uniq_zenata, uniq_saint_roka
Vaults:4: nicolae_vaults_house_1, v_misc_4, nicolae_vaults_an_arrangement,
          nicolae_vaults_diamond_1, v_misc_25, nicolae_vaults_network_star,
          nicolae_vaults_offset_grid_hallway_2, vaults_room_pools,
          layout_vaults_omnigrid
Vaults:5: uniq_sojobo
Crypt:1:  layout_chaotic_city, gammafunk_ghost_grave,
          nicolae_crypt_crumbling_hall, grunt_megastairs_3,
          grunt_crypt_arrival_split
Crypt:2:  layout_chaotic_city, roderic_lattice_octagonal_star
Depths:1: layout_honeycomb, chequers_serial_rivers_small_a,
          grunt_mini_vestibule, chequers_serial_rivers_micro_e, st_stairs_4,
          nicolae_hepliaklqana_hazy_memory, grunt_megastairs_5
Depths:2: grunt_forest_end_chambers, layout_basic, grunt_pan_entry_sceptre,
          special_room [special_room_morgue],
          nicolae_abyss_entry_one_way_or_another, grunt_decor_one_mirror,
          hell_entry, kennysheep_generic_room_11, infiniplex_staircase_squiggle
Depths:3: hangedman_stitches_corridor, layout_basic, hell_entry, abyss_entry,
          minmay_misc_feat_more_columns, minmay_staircase_windowed_large,
          uniq_vv
Depths:4: grunt_x_marks_the_spot, layout_gridlike, enter_ziggurat_e,
          serial_shops, shop, minmay_room_of_horrors, hell_entry,
          grunt_decor_mini_mirrors, uniq_xtahua
Zot:1:    layout_gridlike, gammafunk_ghost_arena, hangedman_spider_trapstep
Zot:2:    layout_gridlike, st_stairs_11, nicolae_diode_intersection
Zot:3:    layout_misc_corridors, grunt_ministairs_2, bh_zot_ikea_curve
Zot:4:    kennysheep_blocky_room, layout_misc_corridors

Skill      XL: |  1  2  3  4  5  6  7  8  9 10 11 12 13 14 15 16 17 18 19 20 21 22 23 24 25 |
---------------+----------------------------------------------------------------------------+-----
Fighting       | 4 5 6 7 8 10 11 12 13 15 17 19 20 21 23 24 25 26 | 26.9
Armour         | 4 5 6 7 8 10 11 12 13 14 15 16 17 18 19 21 22 24 25 | 25.5
Shields        | 4 5 6 7 8 10 11 12 14 15 16 17 18 19 20 | 20.2
Axes           | 3 4 5 7 9 11 13 14 17 18 20 22 24 | 24.1
Invocations    | 2 4 6 8 9 10 12 | 12.6
Throwing       | 3 5 6 8 9 10 11 12 13 14 15 16 | 16.4
Evocations     | 3 5 6 7 |  7.4
Dodging        | 2 5 8 10 11 13 14 15 | 15.5
Spellcasting   | 1 4 |  4.3
Stealth        | 2 |  2.3

Action                     |  1- 3 |  4- 6 |  7- 9 | 10-12 | 13-15 | 16-18 | 19-21 | 22-24 | 25-27 || total
---------------------------+-------+-------+-------+-------+-------+-------+-------+-------+-------++-------
  Melee: War axe           |    63 |    81 |   259 |   245 |       |       |       |       |       ||   648
         Headbutt          |     7 |    12 |    52 |    98 |   274 |   449 |   524 |   737 |   212 ||  2365
         Broad axe         |       |       |       |   193 |  1058 |  1619 |  1779 |  2085 |   582 ||  7316
         Whip              |       |       |       |       |    26 |    38 |       |       |       ||    64
         Staff             |       |       |       |       |       |    30 |       |       |       ||    30
         Unarmed           |       |       |       |       |       |       |       |       |     8 ||     8
  Throw: Stone             |       |     2 |       |       |       |       |       |       |       ||     2
         Dart              |       |       |       |    48 |    32 |     8 |     9 |    35 |    62 ||   194
         Boomerang         |       |       |       |       |    67 |   115 |    60 |    62 |       ||   304
         Javelin           |       |       |       |       |       |     7 |   107 |     2 |     8 ||   124
 Invoke: Heroism           |       |       |       |     2 |     1 |     1 |    10 |     5 |     1 ||    20
         Finesse           |       |       |       |       |     2 |     1 |     4 |     2 |     1 ||    10
  Evoke: Lightning rod     |       |       |       |       |       |     2 |     4 |       |       ||     6
    Use: Scroll            |       |    12 |     4 |     9 |     9 |    10 |    10 |    18 |     3 ||    75
         Potion            |       |     1 |     1 |     5 |     4 |    12 |     7 |     4 |     3 ||    37
   Stab: Sleeping          |       |       |       |     1 |       |       |       |       |       ||     1
         Distracted        |       |       |       |       |     2 |       |       |     1 |       ||     3
 Armour: Scale mail        |    15 |       |       |       |       |       |       |       |       ||    15
         Ring mail         |    15 |    33 |   117 |   120 |   353 |    39 |       |       |       ||   677
         Crystal plate arm |       |       |       |       |       |   872 |   554 |       |       ||  1426
         Gold dragon scale |       |       |       |       |       |       |   127 |   751 |   301 ||  1179
  Dodge: Dodged            |    21 |    34 |    81 |   101 |   226 |   272 |   344 |   807 |   309 ||  2195
  Block: Buckler           |    16 |    23 |   138 |   191 |   480 |   680 |   362 |   539 |   133 ||  2562
         Reflection        |       |       |     1 |     5 |    39 |    11 |       |       |       ||    56
